 Dungeon Sprint DCSS version 0.21.1-1-g345015fe64 (webtiles) character file.

277622 Jannitor the Pandemonic (level 12, 74/122 HPs)
             Began as a Deep Dwarf Fighter on June 4, 2018.
             Was a High Priest of Makhleb.
             Escaped with the Orb!
             The game lasted 00:22:14 (3167 turns).

Jannitor the Pandemonic (Deep Dwarf Fighter)        Turns: 3167, Time: 00:22:15

Health: 74/122     AC: 19    Str: 26    XL:     12   Next: 73%
Magic:  5/5        EV: 10    Int:  6    God:    Makhleb [*****.]
Gold:   1601       SH: 14    Dex: 12    Spells: 11/11 levels left

rFire    . . .     SeeInvis .   s - +8 autumn katana {slice, Clar}
rCold    + . .     Gourm    .   c - +0 shield
rNeg     . . .     Faith    .   r - +1 plate armour {rC+}
rPois    .         Spirit   .   (no helmet)
rElec    .         Reflect  .   u - +0 cloak
rCorr    .         Harm     .   (no gloves)
MR       +....     Clarity  +   (no boots) Stlth ..........NoTele +
                                (no amulet)
HPRegen  0.00/turn              (no ring)
MPRegen  0.09/turn              (no ring)

@: non-regenerating
A: damage resistance, heal wounds, dopey 1, sense surroundings 2, no
regeneration
0: Orb of Zot
a: Heal Wounds, Minor Destruction, Lesser Servant of Makhleb, Major Destruction,
Greater Servant of Makhleb, Renounce Religion


You escaped.
You worshipped Makhleb.
Makhleb was extremely pleased with you.
You were not hungry.

You visited 1 branch You collected 4812 gold pieces.
You spent 3211 gold pieces at shops.

Inventory:

Hand Weapons
 a - a +0 flail
 s - the +8 autumn katana (weapon) {slice, Clar}
   (You bought it in a shop in the Dungeon)

   It inflicts extra damage upon your enemies.
   It protects you against confusion.
Armour
 b - a +0 scale mail
 c - a +0 shield (worn)
 h - a scarf of spirit shield
 r - a +1 plate armour of cold resistance (worn)
 u - a +0 cloak (worn)
Jewellery
 f - the ring "Gyenorph" {*Corrode MR- Str+8 Dex+5 SInv}
   (You bought it in a shop in the Dungeon)

   [ring of see invisible]

   It affects your strength (+8).
   It affects your dexterity (+5).
   It affects your resistance to hostile enchantments.
   It lets you see invisible.
   It may corrode you when you take damage.
 q - an uncursed amulet of magic regeneration
 t - the amulet "Japriph" {Reflect rF+ rC- rN+ MR+ SH+2}
   (You bought it in a shop in the Dungeon)

   [amulet of reflection]

   It shields you and reflects attacks.
   It protects you from fire.
   It makes you vulnerable to cold.
   It protects you from negative energy.
   It affects your resistance to hostile enchantments.
   It affects your SH (+2).
Wands
 l - a wand of clouds (3)
Scrolls
 k - a scroll of blinking
 w - a scroll of magic mapping
 y - 2 scrolls of remove curse
Potions
 d - 2 potions of might
 e - 2 potions of curing
 g - a potion of mutation
 i - 4 potions of magic
 n - 2 potions of brilliance
 o - 2 potions of flight
Books
 z - a book of Cantrips

   Spells                             Type                      Level
   a - Confusing Touch                Hexes                        1
   b - Animate Skeleton               Necromancy                   1
   c - Summon Small Mammal            Summoning                    1
   d - Apportation                    Translocation                1
 A - a book of Maledictions

   Spells                             Type                      Level
   a - Corona                         Hexes                        1
   b - Ensorcelled Hibernation        Hexes/Ice                    2
   c - Confuse                        Hexes                        3
   d - Tukima's Dance                 Hexes                        3
   e - Dazzling Spray                 Conjuration/Hexes            3
Miscellaneous
 m - a sack of spiders
 p - a phial of floods
 v - a lamp of fire
 x - a fan of gales


   Skills:
 + Level 12.1 Fighting
 - Level 13.3 Long Blades
 - Level 11.6 Maces & Flails
 + Level 14.1 Armour
 + Level 5.6 Dodging
 + Level 14.1 Shields
 + Level 17.1 Invocations
 + Level 14.7 Evocations


You had 11 spell levels left.
You didn't know any spells.

Dungeon Overview and Level Annotations

Branches:
Dungeon (1/1)

Altars:
Cheibriados
Dithmenos
Elyvilon
Fedhas
Gozag
Hepliaklqana
Kikubaaqudgha
Makhleb
Nemelex Xobeh
Okawaru
Qazlal
Ru
Sif Muna
Trog
Uskayaw
Vehumet
Wu Jian
Xom
Yredelemnul
Zin
The Shining One
Jiyva
Lugonu

Shops:
D (*(}=:[[?==}}==}!(?[[(

Annotations:
D Lom Lobon, Tiamat


Innate Abilities, Weirdness & Mutations

You are resistant to damage.
You can heal yourself by infusing magical energy.
You passively map the area around you.
You do not regenerate.
You are dopey. (Int -2)


Message History

There is an open door here.
You avoid triggering an arrow trap.
There is an arrow trap here.
There is an open door here.
A smoke demon comes into view.
The smoke demon gestures at you. The ball of steam hits you!
You are engulfed in a cloud of scalding steam.
There is an open door here.
Things that are here:
a scythe; a runed robe
There is an open door, spattered with blood here.
You see here a giant spiked club.
There is an open door, spattered with blood here.
Things that are here:
a dagger; a leather armour
There is an open door here.
There is a staircase leading out of the dungeon here.
You can't go down here!
You have escaped!

##################
#@.#..').#..'..#__
#..').#..').#§§'^.
#..#####'#####'#__
#..####..#...#)###
#..#__####..##§#≈≈
#..#_____##)#_§3§≈
#⌠⌠#_.∩...'.(.§#§§
####_..__##_.#'##§
*,,#_____###'#(#.)


There were no monsters in sight!

Vanquished Creatures
  A deep elf master archer (D)
  A lorocyproca (D)
  A deep elf annihilator (D)
  A hydra (D)
  2 centaur warriors (D)
  A soul eater (D)
  2 unseen horrors (D)
  A lindwurm (D)
  An oklob plant (D)
  A shining eye (D)
  A gargoyle (D)
  3 demonic crawlers (D)
  2 kobold demonologists (D)
  2 hellwings (D)
  An ice devil (D)
  3 hornets (D)
  A slime creature (D)
  Sigmund (D)
  2 redbacks (D)
  A yak (D)
  13 hogs (D)
  5 floating eyes (D)
  7 necrophages (D)
  An ogre (D)
  8 jellies (D)
  Ijyb (D)
  5 ballistomycetes (D)
69 creatures vanquished.

Vanquished Creatures (collateral kills)
  the Lernaean hydra (D)
  A golden dragon (D)
  A shadow dragon (D)
  A mummy priest (D)
  Sonja (D)
  A deep troll (D)
  An oklob plant (D)
  7 shining eyes (D)
  A merfolk siren (D)
  A demonic crawler (D)
  2 hornets (D)
  2 floating eyes (D)
20 creatures vanquished.

Vanquished Creatures (others)
  A merfolk siren (D)
  A gargoyle (D)
  2 ball lightnings (D)
  2 ballistomycete spores (D)
6 creatures vanquished.

Grand Total: 95 creatures vanquished

Notes
Turn   | Place    | Note
-------+----------+-------------------------------------------
     0 | D        | Jannitor the Deep Dwarf Fighter began the quest for the Orb.
     0 | D        | Reached XP level 1. HP: 20/20 MP: 1/1
     1 | D        | Noticed Ijyb
    21 | D        | Killed Ijyb
    21 | D        | Reached XP level 2. HP: 30/30 MP: 2/2
    22 | D        | Noticed an ogre
    27 | D        | Killed an ogre
    27 | D        | Reached skill level 5 in Armour
    27 | D        | Reached skill level 5 in Shields
    27 | D        | Reached XP level 3. HP: 38/38 MP: 3/3
    27 | D        | Reached XP level 4. HP: 45/45 MP: 4/4
   183 | D        | Noticed Sigmund
   202 | D        | Killed Sigmund
   202 | D        | Reached XP level 5. HP: 14/55 MP: 5/5
   202 | D        | Reached XP level 6. HP: 16/62 MP: 6/6
   392 | D        | Found a burning altar of Makhleb.
   392 | D        | Found a viscous altar of Jiyva.
   392 | D        | Found a shimmering altar of Xom.
   392 | D        | Found a corrupted altar of Lugonu.
   392 | D        | Noticed a slime creature
   413 | D        | Killed a slime creature
   519 | D        | Became a worshipper of Makhleb the Destroyer
   521 | D        | Found an ornate altar of the Wu Jian Council.
   521 | D        | Found a deep blue altar of Sif Muna.
   523 | D        | Found a radiant altar of Vehumet.
   529 | D        | Reached skill level 1 in Invocations
   552 | D        | Found Qadeuz's Gadget Emporium.
   552 | D        | Found an ancient bone altar of Kikubaaqudgha.
   552 | D        | Found a hazy altar of Hepliaklqana.
   552 | D        | Found a hide-covered altar of Uskayaw.
   552 | D        | Found a basalt altar of Yredelemnul.
   552 | D        | Found an opulent altar of Gozag.
   552 | D        | Found a snail-covered altar of Cheibriados.
   552 | D        | Found a sacrificial altar of Ru.
   552 | D        | Found a shadowy altar of Dithmenos.
   552 | D        | Noticed a yak
   557 | D        | Killed a yak
   557 | D        | Reached skill level 3 in Invocations
   557 | D        | Reached XP level 7. HP: 39/73 MP: 4/7
   558 | D        | Found a stormy altar of Qazlal.
   558 | D        | Found a blossoming altar of Fedhas.
   558 | D        | Found a bloodstained altar of Trog.
   558 | D        | Found an iron altar of Okawaru.
   558 | D        | Found a glowing golden altar of the Shining One.
   558 | D        | Found a glowing silver altar of Zin.
   558 | D        | Found a white marble altar of Elyvilon.
   561 | D        | Found a sparkling altar of Nemelex Xobeh.
   565 | D        | Bought a sack of spiders for 260 gold pieces
   570 | D        | Noticed Sonja
   591 | D        | Killed Sonja
   591 | D        | Reached * piety under Makhleb
   591 | D        | Reached skill level 5 in Invocations
   801 | D        | Noticed a deep troll
   820 | D        | Killed a deep troll
   820 | D        | Reached skill level 10 in Armour
   820 | D        | Reached skill level 10 in Shields
   820 | D        | Reached skill level 6 in Invocations
   820 | D        | Reached XP level 8. HP: 44/82 MP: 5/5
   999 | D        | Noticed a centaur warrior
   999 | D        | Noticed a centaur warrior
  1013 | D        | Killed a centaur warrior
  1013 | D        | Reached skill level 7 in Invocations
  1029 | D        | Killed a centaur warrior
  1029 | D        | Reached ** piety under Makhleb
  1029 | D        | Reached skill level 10 in Maces & Flails
  1029 | D        | Reached skill level 9 in Invocations
  1029 | D        | Gained mutation: You passively map the area around you. [Deep Dwarf growth]
  1029 | D        | Reached XP level 9. HP: 58/93 MP: 5/7
  1074 | D        | Noticed an oklob plant
  1084 | D        | Killed an oklob plant
  1084 | D        | Reached skill level 10 in Fighting
  1084 | D        | Reached skill level 10 in Invocations
  1207 | D        | Reached *** piety under Makhleb
  1207 | D        | Reached skill level 1 in Evocations
  1244 | D        | Killed an unseen horror
  1244 | D        | Reached XP level 10. HP: 64/103 MP: 8/8
  1264 | D        | Killed an unseen horror
  1290 | D        | Reached skill level 11 in Invocations
  1292 | D        | Reached **** piety under Makhleb
  1318 | D        | Reached ***** piety under Makhleb
  1319 | D        | Reached skill level 5 in Evocations
  1391 | D        | Found Seapneyr's Armour Shoppe.
  1391 | D        | Found Qulovouw's Armour Shop.
  1391 | D        | Found Huekedghaff's Magic Scroll Boutique.
  1393 | D        | Found Gappefig's Jewellery Emporium.
  1393 | D        | Found Zayrig's Jewellery Shop.
  1393 | D        | Found Reycwu's Gadget Shoppe.
  1393 | D        | Found Futyb's Gadget Boutique.
  1393 | D        | Found Cauh's Jewellery Emporium.
  1393 | D        | Found Piakoar's Jewellery Shop.
  1393 | D        | Found Nilypp's Gadget Shoppe.
  1396 | D        | Found Sataateo's Distillery.
  1397 | D        | Found Qepluos's Magic Scroll Emporium.
  1397 | D        | Found Xaickazu's Weapon Boutique.
  1398 | D        | Found Pemoable's Antique Armour Emporium.
  1408 | D        | Bought the +8 autumn katana {slice, Clar} for 926 gold pieces
  1408 | D        | Found the +8 autumn katana {slice, Clar}
  1417 | D        | Bought the amulet "Japriph" {Reflect rF+ rC- rN+ MR+ SH+2} for 315 gold pieces
  1425 | D        | Killed a gargoyle
  1486 | D        | Found Netomink's Armour Emporium.
  1490 | D        | Bought a +0 cloak for 45 gold pieces
  1513 | D        | Found Wigocew's Weapon Boutique.
  1532 | D        | Noticed a shining eye
  1532 | D        | Noticed a shining eye
  1532 | D        | Noticed a shining eye
  1532 | D        | Noticed a shining eye
  1532 | D        | Noticed a shining eye
  1532 | D        | Noticed a shining eye
  1533 | D        | Paralysed by a floating eye for 3 turns
  1533 | D        | Gained mutation: You are dopey. (Int -2) [a shining eye]
  1538 | D        | Reached skill level 1 in Long Blades
  1543 | D        | Killed a shining eye
  1543 | D        | Killed a shining eye
  1546 | D        | Killed a shining eye
  1546 | D        | Reached skill level 12 in Invocations
  1546 | D        | Paralysed by a floating eye for 3 turns
  1546 | D        | Killed a shining eye
  1546 | D        | Reached ****** piety under Makhleb
  1548 | D        | Killed a shining eye
  1548 | D        | Reached skill level 5 in Long Blades
  1549 | D        | Killed a shining eye
  1550 | D        | Noticed a shining eye
  1550 | D        | Noticed a shining eye
  1555 | D        | Killed a shining eye
  1559 | D        | Killed a shining eye
  1564 | D        | Found Ibriogak's Jewellery Shop.
  1564 | D        | Found Nene's General Store.
  1564 | D        | Found Hutifir's Book Boutique.
  1564 | D        | Found Isuanun's Antique Weapon Emporium.
  1642 | D        | Paralysed by a floating eye for 2 turns
  1651 | D        | Reached skill level 13 in Invocations
  1658 | D        | Reached XP level 11. HP: 108/108 MP: 11/11
  1705 | D        | Noticed a lindwurm
  1712 | D        | Killed a lindwurm
  1712 | D        | Reached skill level 10 in Evocations
  1736 | D        | Reached skill level 14 in Invocations
  1745 | D        | Reached skill level 10 in Long Blades
  1776 | D        | Noticed a daeva
  1783 | D        | Noticed a 12-headed hydra
  1784 | D        | Paralysed by a floating eye for 3 turns
  1793 | D        | Killed a 13-headed hydra
  1893 | D        | Noticed a deep elf annihilator
  1910 | D        | Killed a deep elf annihilator
  1910 | D        | Reached skill level 15 in Invocations
  1911 | D        | Noticed an Executioner
  1936 | D        | Noticed a mummy priest
  1948 | D        | Noticed an oklob plant
  2139 | D        | Killed a lorocyproca
  2509 | D        | Bought the ring "Gyenorph" {*Corrode MR- Str+8 Dex+5 SInv} for 553 gold pieces
  2565 | D        | Bought a potion of mutation for 104 gold pieces
  2565 | D        | Bought 2 potions of flight for 78 gold pieces
  2565 | D        | Bought 2 potions of flight for 78 gold pieces
  2565 | D        | Bought a potion of might for 52 gold pieces
  2566 | D        | Bought a phial of floods for 400 gold pieces
  2566 | D        | Bought a lamp of fire for 400 gold pieces
  2651 | D        | Noticed a shadow dragon
  2654 | D        | Noticed a golden dragon
  2658 | D        | HP: 1/110 [shadow dragon/bolt of negative energy (33)]
  2668 | D        | Killed a shadow dragon
  2669 | D        | Killed a golden dragon
  2669 | D        | Reached skill level 16 in Invocations
  2669 | D        | Reached XP level 12. HP: 67/120 MP: 5/7
  2738 | D        | Found Neushaz's Weapon Shoppe.
  2815 | D        | Killed a mummy priest
  2815 | D        | Reached skill level 1 in Dodging
  2827 | D        | Noticed the 27-headed Lernaean hydra
  2838 | D        | Killed the 26-headed Lernaean hydra
  2922 | D        | Noticed a deep elf master archer
  2935 | D        | Killed a deep elf master archer
  2935 | D        | Reached skill level 5 in Dodging
  2935 | D        | Reached skill level 17 in Invocations
  3008 | D        | Noticed Lom Lobon
  3019 | D        | Noticed a fire giant
  3019 | D        | Noticed a fire giant
  3020 | D        | Noticed a fire giant
  3021 | D        | Noticed a fire giant
  3027 | D        | Got the Orb of Zot
  3028 | D        | Noticed Tiamat
  3167 | D        | Escaped with the Orb!

Skill      XL: |  1  2  3  4  5  6  7  8  9 10 11 12 |
---------------+-------------------------------------+-----
Fighting       | 3 4 6 7 8 9 10 11 12 | 12.1
Maces & Flails | 3 4 6 8 9 10 11 | 11.6
Armour         | 4 5 7 9 10 11 12 13 14 | 14.1
Shields        | 4 5 7 9 10 11 12 13 14 | 14.1
Invocations    | 3 6 9 10 13 16 17 | 17.1
Evocations     | 3 9 13 14 | 14.7
Long Blades    | 7 13 | 13.3
Dodging        | 5 |  5.6

Action                   |  1- 3 |  4- 6 |  7- 9 | 10-12 || total
-------------------------+-------+-------+-------+-------++-------
Melee: Flail             |    20 |    45 |   113 |    74 ||   252
       Katana            |       |       |       |   159 ||   159
Invok: Minor Destruction |       |       |     4 |       ||     4
       Lesser Servant of |       |       |       |    14 ||    14
       Greater Servant o |       |       |       |     7 ||     7
       Major Destruction |       |       |       |     5 ||     5
 Abil: Heal Wounds       |       |     5 |    16 |    44 ||    65
Evoke: Sack of spiders   |       |       |    10 |     1 ||    11
       Wand              |       |       |       |     1 ||     1
       Lamp of fire      |       |       |       |     2 ||     2
  Use: Potion            |     1 |       |       |     8 ||     9
       Scroll            |       |       |       |     7 ||     7
  Eat: Chunk             |       |       |     1 |       ||     1
       Ration            |       |       |       |     2 ||     2
Armor: Scale mail        |     6 |     2 |    39 |    47 ||    94
       Plate armour      |       |       |       |   176 ||   176
Dodge: Dodged            |     6 |     8 |    43 |    67 ||   124
Block: Shield            |     8 |    24 |    73 |   193 ||   298
       Reflection        |       |       |       |     3 ||     3
       Rpst.: Katana     |       |       |       |     7 ||     7
